 Dungeon Crawl Stone Soup version 0.31-a0-702-gf82c85558f (webtiles) character file.

Game seed: 16472877431210763175

248 qw the Shooter (level 6, 0/38 HPs)
             Began as a Gargoyle Hunter on Sept 8, 2023.
             Slain by a bullfrog (2 damage)
             ... in a sewer.
             The game lasted 00:01:13 (2035 turns).

qw the Shooter (Gargoyle Hunter)                    Turns: 2035, Time: 00:01:14

Health: 0/38       AC: 16    Str: 14    XL:     6   Next: 12%
Magic:  6/6        EV: 11    Int: 10    God:
Gold:   133        SH:  0    Dex: 15    Spells: 5/5 levels left

rFire   . . .        Y - +1 shortbow
rCold   . . .        (shield currently unavailable)
rNeg    + . .        i - +3 swamp dragon scales
rPois   inf          (no helmet)
rElec   +            (no cloak)
rCorr   .            f - +0 pair of gloves
SInv    .            (no boots)
Will    .....        (no amulet)
Stlth   +            (no ring)
HPRegen 0.26/turn    (no ring)
MPRegen 0.10/turn

%: no passive effects
@: no status effects
A: sickness immunity, AC +4, negative energy resistance 1, electricity
resistance, torment resistance 1, petrification resistance
a: no special abilities


You were in a sewer.
You visited 1 branch of the dungeon, and saw 3 of its levels.
You also visited: Sewer.

You collected 133 gold pieces.


Innate Abilities, Weirdness & Mutations

You are immune to sickness and miasma.
Your stone body is resilient. (AC +4)
You are immune to poison.
You resist negative energy. (rN+)
You are resistant to electric shocks. (rElec)
You are resistant to unholy torment.
You are immune to petrification.


   Skills:
 - Level 4.0 Fighting
 + Level 6.1 Ranged Weapons
 - Level 2.0 Armour
 - Level 1.5 Dodging
 - Level 1.1 Stealth


You had 5 spell levels left.
You didn't know any spells.
Your spell library was empty.

Inventory:

Hand Weapons
 Y - a +1 shortbow (weapon)
Armour
 f - a +0 pair of gloves (worn)
 i - +3 swamp dragon scales (worn)
Scrolls
 a - a scroll of identify
 c - a scroll of fog {unknown}
Potions
 b - a potion of mutation {unknown}
 d - a potion of degeneration {unknown}
 e - a potion of berserk rage {unknown}
 g - a potion of curing {unknown}
 m - a potion of ambrosia {unknown}

Dungeon Overview and Level Annotations

Branches:
Dungeon (3/15)              Sewer (1/1)

Altars:
Elyvilon


Message History

The ball python bites you.
The ball python bites you but does no damage.
The adder bites you but does no damage. The ball python bites you.
The ball python constricts you.
You shoot an arrow. The arrow hits the ball python.
The ball python is moderately wounded.
The bullfrog barely misses you.
The bullfrog hits you but does no damage.
The ball python bites you but does no damage. x2
The adder bites you but does no damage.
The bullfrog hits you but does no damage.
The ball python completely misses you. The ball python constricts you.
The bullfrog hits you but does no damage.
The ball python closely misses you.
You shoot an arrow.
The arrow barely misses the ball python.
The bullfrog hits you but does no damage.
The adder bites you but does no damage.
The bullfrog hits you but does no damage.
The ball python bites you but does no damage. x2
The ball python constricts you. The bullfrog barely misses you.
The ball python closely misses you. The adder barely misses you.
The bullfrog closely misses you.
The ball python bites you but does no damage.
The ball python bites you. The ball python constricts you.
You shoot an arrow. The arrow hits the ball python.
You kill the ball python!
The bullfrog barely misses you. The bullfrog closely misses you.
The ball python bites you but does no damage.
The ball python barely misses you. The adder bites you but does no damage.
The ball python barely misses you. The ball python closely misses you.
The bullfrog closely misses you. The bullfrog barely misses you.
The ball python bites you but does no damage.
The ball python closely misses you.
2035 |||
Found retreat position at 6,4 (shallow_water) with 1 blocking monsters and 4 monsters attacking at destination at distance 6 You shoot an arrow.
The arrow hits the bullfrog.
The bullfrog is severely wounded.
The adder barely misses you. The ball python barely misses you.
The ball python misses you. The bullfrog misses you. The bullfrog hits you.
You die...

###################
###.#~~~~~~~~S~~~~~~#..
##....~~~~~~~.@F#~~~~.SF
#....~~~~~~~#SSF~~~~~~..
#....~~~~~~~~~~~~~~~~.S.
##....~~~~~~~~~~~~~~~~~..
#......~~~~~~~~~~~~~~~#..
#....################## #
##...#### #..%.#..#
#..%.'!.#


You could see 2 bullfrogs, an adder and 2 ball pythons.

Vanquished Creatures
  Terence (D:2)
  4 gnolls (D:3)
  4 adders
  6 river rats
  2 worms (D:3)
  2 dart slugs
  An orc (D:3)
  6 bats
  5 endoplasms
  A giant cockroach (D:1)
  3 goblins
  6 hobgoblins
  4 jackals (D:2)
  2 quokkas
  20 ball pythons
  6 frilled lizards
  3 kobolds
  25 rats
101 creatures vanquished.

Notes
Turn   | Place    | Note
-------+----------+-------------------------------------------
     0 | D:1      | qw the Gargoyle Hunter began the quest for the Orb.
     0 | D:1      | Reached XP level 1. HP: 12/12 MP: 1/1
     0 | D:1      | 0 ||| qw: Version: 0.3-a-76-g4403597
     0 | D:1      | 0 ||| qw: Game counter: 1066
     0 | D:1      | 0 ||| qw: Melee chars always use a shield: true
     0 | D:1      | 0 ||| qw: God list: Okawaru
     0 | D:1      | 0 ||| qw: Allow faded altars: false
     0 | D:1      | 0 ||| qw: Do Orc after clearing Dungeon:15 true
     0 | D:1      | 0 ||| qw: Do second Lair branch before Depths: true
     0 | D:1      | 0 ||| qw: Lair rune preference: random
     0 | D:1      | 0 ||| qw: Goals: Normal
     0 | D:1      | 0 ||| PLANNING D:1-11
    93 | D:1      | Reached XP level 2. HP: 17/17 MP: 2/2
   264 | D:1      | Found a faded altar of an unknown god.
   559 | D:1      | Reached XP level 3. HP: 21/21 MP: 3/3
   565 | D:1      | 565 ||| UPGRADING to +0 pair of gloves.
   570 | D:1      | 570 ||| UPGRADING to +0 swamp dragon scales.
   580 | D:1      | 580 ||| DROPPING +0 leather armour.
   581 | D:1      | 581 ||| DROPPING scroll of butterflies.
   688 | D:2      | Reached skill level 1 in Armour
   839 | D:2      | Reached skill level 5 in Ranged Weapons
  1186 | D:2      | Noticed Terence
  1207 | D:2      | Killed Terence
  1208 | D:2      | Reached skill level 3 in Fighting
  1208 | D:2      | Reached XP level 4. HP: 13/28 MP: 4/4
  1273 | D:2      | 1273 ||| READING scroll labelled KAWNUXT YHUDA.
  1277 | D:2      | 1277 ||| READING 3 scrolls labelled ZOMIXESOGE.
  1278 | D:2      | 1278 ||| READING 2 scrolls of enchant armour.
  1278 | D:2      | 1278 ||| ENCHANTING +0 swamp dragon scales.
  1279 | D:2      | 1279 ||| READING scroll of enchant armour.
  1279 | D:2      | 1279 ||| ENCHANTING +1 swamp dragon scales.
  1280 | D:2      | 1280 ||| READING 2 scrolls labelled MOAWKU FYRIHAPN.
  1281 | D:2      | 1281 ||| READING scroll labelled TOT ELUPIYS.
  1282 | D:2      | 1282 ||| READING scroll labelled FYTUGIA CAEFU.
  1283 | D:2      | 1283 ||| DRINKING 2 lumpy yellow potions.
  1284 | D:2      | 1284 ||| DROPPING potion of invisibility.
  1285 | D:2      | 1285 ||| DROPPING scroll of blinking.
  1297 | D:3      | 1297 ||| PLANNING SEWER
  1404 | D:3      | 1404 ||| RETREATING.
  1408 | D:3      | 1408 ||| Stepping ~*~*~tactically~*~*~ (retreating).
  1428 | D:3      | 1428 ||| Stepping ~*~*~tactically~*~*~ (retreating).
  1450 | D:3      | Reached XP level 5. HP: 13/32 MP: 5/5
  1618 | D:3      | Found a white marble altar of Elyvilon.
  1679 | D:3      | Found a glowing drain.
  1680 | D:3      | 1680 ||| READING scroll labelled XAOCEBL HILL.
  1688 | Sewer    | Entered a sewer
  1702 | Sewer    | 1702 ||| Stepping ~*~*~tactically~*~*~ (water).
  1779 | Sewer    | Reached skill level 6 in Ranged Weapons
  1961 | Sewer    | Reached XP level 6. HP: 38/38 MP: 6/6
  1983 | Sewer    | 1983 ||| READING scroll of enchant armour.
  1983 | Sewer    | 1983 ||| ENCHANTING +2 swamp dragon scales.
  2002 | Sewer    | 2002 ||| Stepping ~*~*~tactically~*~*~ (water).
  2020 | Sewer    | 2020 ||| RETREATING.
  2021 | Sewer    | 2021 ||| Stepping ~*~*~tactically~*~*~ (water).
  2030 | Sewer    | HP: 9/38 [bullfrog (4)]
  2031 | Sewer    | HP: 4/38 [ball python (2)]
  2033 | Sewer    | HP: 1/38 [ball python (2)]
  2035 | Sewer    | Slain by a bullfrog

Levels and vault maps discovered:
D:1:      roderic_crossed_star, layout_loops_ring, basic_ecumenical_altar,
          solitary_fountain, minmay_tripent
D:2:      layout_basic, hangedman_feature_mirror, serial_bayou_pond_d,
          grunt_ministairs_3, uniq_terence
D:3:      layout_loops_ring, mainiacjoe_overflow_chevrons,
          cheibrodos_sewer_entry_sluice, chequers_serial_rivers_room_b
Sewer:    sewer_minmay_w

Skill      XL: |  1  2  3  4  5  6 |
---------------+-------------------+-----
Armour         | 1 2 |  2.0
Ranged Weapons | 5 6 |  6.1
Fighting       | 3 4 |  4.0
Dodging        | |  1.5
Stealth        | |  1.1

Action                     |  1- 3 |  4- 6 || total
---------------------------+-------+-------++-------
   Fire: Shortbow          |   118 |   228 ||   346
    Use: Scroll            |       |     9 ||     9
         Potion            |       |     1 ||     1
 Armour: Leather armour    |     9 |       ||     9
         Swamp dragon scal |    29 |   178 ||   207
  Dodge: Dodged            |    38 |   129 ||   167

Table legend:
 A = Non-vault XP
 B = Vault XP
 C = Vault XP percentage of total XP
 D = Non-vault monster count
 E = Vault monster count
 F = Vault count percentage of total count
                 A         B        C        D         E       F
            +---------+---------+-------+---------+---------+-------
      Total |     132 |     223 |  62.8 |      43 |      58 |  57.4
            +---------+---------+-------+---------+---------+-------
        D:1 |      28 |       6 |  17.6 |      20 |       2 |   9.1
        D:2 |      33 |      43 |  56.6 |      13 |       4 |  23.5
        D:3 |      71 |      23 |  24.5 |      10 |       3 |  23.1
      Sewer |       0 |     151 | 100.0 |       0 |      49 | 100.0
            +---------+---------+-------+---------+---------+-------
